 Dungeon Crawl Stone Soup version 0.29-a0-350-g7790a0e70a (webtiles) character file.

Game seed: 12453703681780024781

2 spaghetti the Firebug (level 1, -1/13 HPs)
             Began as a Demonspawn Fire Elementalist on Apr 23, 2022.
             Slain by a jackal (3 damage)
             ... on level 1 of the Dungeon.
             The game lasted 00:00:33 (228 turns).

spaghetti the Firebug (Demonspawn Fire Elementalist) Turns: 228, Time: 00:00:34

Health: -1/13      AC:  2    Str:  8    XL:     1   Next: 33%
Magic:  0/3        EV: 12    Int: 16    God:
Gold:   14         SH:  0    Dex: 13    Spells: 3/4 levels left

rFire   . . .      SeeInvis .   e - +0 whip {mace}
rCold   . . .      Faith    .   (no shield)
rNeg    . . .      Spirit   .   a - +0 robe
rPois   .          Reflect  .   (no helmet)
rElec   .          Harm     .   (no cloak)
rCorr   .          Rampage  .   (no gloves)
Will    .....                   (no boots)
Stlth   ++........              (no amulet)
HPRegen 0.04/turn               (no ring)
MPRegen 0.08/turn               (no ring)

@: no status effects
A: no striking features
a: no special abilities


You were on level 1 of the Dungeon.
You visited 1 branch of the dungeon, and saw 1 of its levels.

You collected 14 gold pieces.


   Skills:
 - Level 1.7 Dodging
 - Level 1.7 Stealth
 + Level 2.2 Spellcasting
 - Level 1.0 Conjurations
 - Level 2.6 Fire Magic


You had 3 spell levels left.
You knew the following spells:

 Your Spells              Type           Power      Damage    Failure   Level
a - Foxfire               Conj/Fire      28%        2x1d5     10%         1

Your spell library contained the following spells:

 Spells                   Type           Power      Damage    Failure   Level
 Scorch                   Fire           20%        2d6       11%         2
 Conjure Flame            Conj/Fire      7%         6-21      28%         3
 Inner Flame              Hex/Fire       6%         N/A       34%         3
 Flame Wave               Conj/Fire      7%         2d5       67%         4

Inventory:

Hand Weapons
 e - a +0 whip (weapon) {mace}
   (You took it off a kobold on level 1 of the Dungeon)
Armour
 a - a +0 robe (worn)
Scrolls
 c - a scroll of blinking {unknown}
 d - a scroll of identify {unknown}

Dungeon Overview and Level Annotations

Branches:
Dungeon (1/15)

Altars:

.†#.## #.##.###........#
#.#..## #.#.###....####.#
#.#...####.####....#####.#
#.#.......<.......###....#
#
#.#...####.####...###.####
.. #....###.#K# ##..#.†.#
#.#...###.##g# ##.#.###
#........###h## ..#.#
##..###..##h@v## ###.#
#....#..#..vv.#. #.####
#.>#............# #....#
#....#...######## ####.#
.....#...........# #.#
.##..#..##....##.# #.#
##.........###.########.#
#######.#.# #.##.†.....#
#...# #.##.#######


You could see 2 jackals, a hobgoblin and a kobold.


Message History

😎 MP[+2]
Your mp is fully restored (3).
Found an escape hatch in the floor.
A jackal comes into view.
The jackal barks!
A jackal is nearby!
A hobgoblin comes into view.
Casting: Foxfire (safe; 10% risk of failure)
Confirm with . or Enter, or press ? or * to list all spells.
You conjure some foxfire!
The hobgoblin shouts!
You hear a bark!
A jackal comes into view.
A kobold comes into view. It is wielding a +0 club. 😎 MP[-1]
You lost 1 mp, and now have 2/3 mp.
Casting: Foxfire (safe; 10% risk of failure)
Confirm with . or Enter, or press ? or * to list all spells.
You conjure some foxfire! 😎 MP[-1]
You lost 1 mp, and now have 1/3 mp.
Casting: Foxfire (safe; 10% risk of failure)
Confirm with . or Enter, or press ? or * to list all spells.
You miscast Foxfire.
You are very lightly contaminated with residual magic.
Nothing appears to happen.
The foxfire hits the jackal but does no damage. x2
The foxfire hits the jackal.
The jackal closely misses you. 😎 MP[-1]
You lost 1 mp, and now have 0/3 mp.
Really attack while wielding nothing?
Okay, then.
e - a +0 whip (weapon)
{mace} The foxfire hits the jackal.
You closely miss the jackal. The jackal closely misses you.
You barely miss the jackal. The jackal attacks as you move away!
The jackal bites you. The jackal barely misses you. 😕 HP[-2]
You take 2 damage, and now have 11/13 hp.
The jackal attacks as you move away! The jackal closely misses you.
The jackal pauses to sniff the ground.
The jackal closely misses you. The jackal attacks as you move away!
The jackal misses you.
Your magical contamination has completely faded away. 😕 MP[+1]
The jackal attacks as you move away! The jackal barely misses you. x2
There is a staircase leading out of the dungeon here.
You closely miss the jackal. The jackal closely misses you.
Casting: Foxfire (safe; 10% risk of failure)
Confirm with . or Enter, or press ? or * to list all spells.
You conjure some foxfire!
The jackal bites you but does no damage.
The jackal closely misses you. The jackal barely misses you.
The jackal bites you. 😮 HP[-3] MP[-1]
You take 3 damage, and now have 8/13 hp.
MASSIVE DAMAGE!! (PAUSE)
You lost 1 mp, and now have 0/3 mp.
Unknown command.
The foxfire hits the jackal.
The jackal attacks as you move away! The jackal bites you.
The jackal completely misses you. 😮 HP[-1]
You take 1 damage, and now have 7/13 hp.
The jackal attacks as you move away! The jackal closely misses you.
You barely miss the jackal. The jackal bites you.
* * * LOW HITPOINT WARNING * * *
😨 HP[-1]
You take 1 damage, and now have 6/13 hp.
Magic courses through your body. The jackal bites you.
* * * LOW HITPOINT WARNING * * *
The jackal barely misses you. 😨 MP[+3]
Your mp is fully restored (3).
Casting: Foxfire (safe; 10% risk of failure)
Confirm with . or Enter, or press ? or * to list all spells.
You conjure some foxfire!
The jackal bites you.
* * * LOW HITPOINT WARNING * * *
The jackal bites you but does no damage.
The jackal bites you.
* * * LOW HITPOINT WARNING * * *
The jackal misses you. 😨 HP[-2] MP[-1]
You take 2 damage, and now have 4/13 hp.
You lost 1 mp, and now have 2/3 mp.
Casting: Foxfire (safe; 10% risk of failure)
Confirm with . or Enter, or press ? or * to list all spells.
You conjure some foxfire!
The foxfire hits the jackal.
The foxfire hits the jackal but does no damage.
The jackal bites you.
* * * LOW HITPOINT WARNING * * *
The jackal bites you but does no damage. 😱 HP[-2] MP[-1]
You take 2 damage, and now have 2/13 hp.
You lost 1 mp, and now have 1/3 mp.
Casting: Foxfire (safe; 10% risk of failure)
Confirm with . or Enter, or press ? or * to list all spells.
You conjure some foxfire!
The foxfire hits the jackal.
The jackal barely misses you. The jackal bites you.
You die...

Action                   || total
-------------------------++-------
Melee: Whip              ||     4
 Cast: Foxfire           ||    14
  Use: Potion            ||     1
Armor: Robe              ||     3
Dodge: Dodged            ||    17

Levels and vault maps discovered:
D:1:      roderic_crossed_star, layout_basic, minmay_misc_feat_x

Notes
Turn   | Place    | Note
-------+----------+-------------------------------------------
     0 | D:1      | spaghetti the Demonspawn Fire Elementalist began the quest
                  | for the Orb.
     0 | D:1      | Reached XP level 1. HP: 13/13 MP: 3/3
     0 | D:1      | magus.rc [v1.9.6]
   227 | D:1      | HP: 2/13 [jackal (2)]
   228 | D:1      | Slain by a jackal

Vanquished Creatures
  A quokka (D:1)
  A kobold (D:1)
  A rat (D:1)
3 creatures vanquished.

Vanquished Creatures (others)
  19 foxfires (D:1)
19 creatures vanquished.

Grand Total: 22 creatures vanquished

Table legend:
 A = Non-vault XP
 B = Vault XP
 C = Vault XP percentage of total XP
 D = Non-vault monster count
 E = Vault monster count
 F = Vault count percentage of total count
                 A         B        C        D         E       F
            +---------+---------+-------+---------+---------+-------
      Total |       4 |       0 |   0.0 |       3 |       0 |   0.0
            +---------+---------+-------+---------+---------+-------
        D:1 |       4 |       0 |   0.0 |       3 |       0 |   0.0
            +---------+---------+-------+---------+---------+-------

Illustrated notes

Table legend:
 A = Kills in this place as a percentage of kills in entire the game.
 B = Kills by you in this place as a percentage of kills by you in the entire game.
 C = Kills by friends in this place as a percentage of kills by friends in the entire game.
 D = Other kills in this place as a percentage of other kills in the entire game.
 E = Experience gained in this place as a percentage of experience gained in the entire game.
 F = Experience gained in this place divided by the number of levels of this place that you have seen.
                   A       B       C       D       E      F
               +-------+-------+-------+-------+-------+----------------------
         Total | 100.0 | 100.0 |   N/A |   N/A | 100.0 |   4.0
       Dungeon | 100.0 | 100.0 |   N/A |   N/A | 100.0 |   4.0
               +-------+-------+-------+-------+-------+----------------------

Table legend: (Time is in decaauts)
 A = Elapsed time spent in this place.
 B = Non-inter-level travel time spent in this place.
 C = Inter-level travel time spent in this place.
 D = Time resting spent in this place.
 E = Time spent auto-exploring this place.
 F = Levels seen in this place.
 G = Mean time per level.
                   A        B        C        D        E       F      G
               +--------+--------+--------+--------+--------+-----+--------+
         Total |    227 |    227 |      0 |      0 |    181 |   1 |  227.0 |
       Dungeon |    227 |    227 |      0 |      0 |    181 |   1 |  227.0 |
               +--------+--------+--------+--------+--------+-----+--------+

Top non-repeatable levels by time:
     D:1: 227 daAuts
